 Dungeon Crawl Stone Soup version 0.21.1-1-g345015f (webtiles) character file.

152 grindst0ne the Chopper (level 5, -7/42 HPs)
             Began as a Demonspawn Gladiator on Mar 5, 2018.
             Killed by divine providence
             ... invoked by an orc priest
              (12 damage)
             ... on level 4 of the Dungeon.
             The game lasted 00:04:08 (1850 turns).

grindst0ne the Chopper (Demonspawn Gladiator)       Turns: 1850, Time: 00:04:08

Health: -7/42      AC: 14    Str: 15    XL:     5   Next: 11%
Magic:  5/5        EV:  7    Int:  9    God:
Gold:   154        SH:  0    Dex: 15    Spells: 4/4 levels left

rFire    + . .     SeeInvis .   a - +0 war axe
rCold    . . .     Gourm    .   (no shield)
rNeg     + . .     Faith    .   v - +0 chain mail
rPois    .         Spirit   .   b - +1 helmet of Inference {rN+}
rElec    .         Reflect  .   (no cloak)
rCorr    .         Harm     .   j - +0 pair of gloves
MR       .....                  (no boots)
Stlth    ..........             (no amulet)
HPRegen  0.14/turn              q - ring of protection from fire
MPRegen  0.09/turn              (no ring)

@: lethally poisoned (-7 -> -19), flying
A: hooves 1, molten scales 2
a: no special abilities


You were on level 4 of the Dungeon.
You were not hungry.

You visited 1 branch of the dungeon, and saw 4 of its levels.

You collected 154 gold pieces.

Inventory:

Hand Weapons
 a - a +0 war axe (weapon)
Missiles
 d - 3 throwing nets (quivered)
Armour
 b - the +1 helmet of Inference (worn) {rN+}
   (You took it off Robin on level 3 of the Dungeon)

   It protects you from negative energy.
 j - a +0 pair of gloves (worn)
 v - a +0 chain mail (worn)
Jewellery
 q - a ring of protection from fire (left hand)
Wands
 n - a wand of disintegration (11)
Scrolls
 e - 4 scrolls of identify {unknown}
 g - a scroll of enchant weapon {unknown}
 m - a scroll of magic mapping {unknown}
 p - a scroll of random uselessness {unknown}
 r - a scroll of amnesia {unknown}
 t - 2 scrolls of remove curse {unknown}
Potions
 h - a potion of flight
 i - a potion of lignification {unknown}
 k - a potion of curing {unknown}
 l - a potion of invisibility {unknown}
 o - 2 potions of mutation {unknown}
 u - a potion of degeneration {unknown}
Comestibles
 f - 8 rations
 s - a chunk of flesh


   Skills:
 + Level 4.0 Fighting
 + Level 4.2 Axes
 - Level 1.7 Throwing
 - Level 2.6 Dodging


You had 4 spell levels left.
You didn't know any spells.

Dungeon Overview and Level Annotations

Branches:
Dungeon (3/15)

Altars:
Gozag
Ru
Sif Muna


Innate Abilities, Weirdness & Mutations

You have large cloven feet.
You are mostly covered in molten scales. (AC +3)


Message History

The worker ant poisons you!
The orc priest begins to cast a cantrip, but forgets the words!
You hit the orc priest but do no damage.
You kick the orc priest.
The orc priest is lightly wounded.
You barely miss the worker ant.
* * * LOW HITPOINT WARNING * * *
You feel sick. The worker ant completely misses you.
The orc priest hits you with a flail.
* * * LOW HITPOINT WARNING * * *
The worker ant bites you but does no damage.
A giant cockroach comes into view.
It was a potion of flight.
You feel very buoyant.
You fly up into the air.
* * * LOW HITPOINT WARNING * * *
You feel sick.
The orc priest mumbles some strange prayers to Beogh against you.
Beogh smites you!
You die...

#......$.
#........
#......s.
#........
#........
#.....$..
#.)......
#@a......
#)o......
#....[...
#........
#########


You could see a worker ant, an orc priest and a giant cockroach.

Vanquished Creatures
  Terence (D:3)
  Robin (D:3)
  2 adders (D:2)
  A worm (D:2)
  4 dart slugs
  A leopard gecko (D:1)
  4 orcs
  7 bats
  5 giant cockroaches
  19 goblins
  7 hobgoblins
  4 jackals (D:1)
  2 quokkas
  5 frilled lizards
  7 kobolds
  7 rats
77 creatures vanquished.

Notes
Turn   | Place    | Note
-------+----------+-------------------------------------------
     0 | D:1      | grindst0ne the Demonspawn Gladiator began the quest for the Orb.
     0 | D:1      | Reached XP level 1. HP: 16/16 MP: 1/1
    97 | D:1      | Gained mutation: You are partially covered in molten scales. (AC +2) [demonic ancestry]
    97 | D:1      | Reached XP level 2. HP: 18/23 MP: 2/2
   322 | D:1      | Gained mutation: You are mostly covered in molten scales. (AC +3) [demonic ancestry]
   322 | D:1      | Reached XP level 3. HP: 21/28 MP: 3/3
   812 | D:2      | Found a deep blue altar of Sif Muna.
   815 | D:2      | Found an opulent altar of Gozag.
   905 | D:2      | Reached XP level 4. HP: 32/35 MP: 4/4
  1315 | D:2      | Found a sacrificial altar of Ru.
  1563 | D:3      | Noticed Terence
  1572 | D:3      | Killed Terence
  1626 | D:3      | Noticed Robin
  1652 | D:3      | Killed Robin
  1652 | D:3      | Gained mutation: You have large cloven feet. [demonic ancestry]
  1652 | D:3      | Reached XP level 5. HP: 29/42 MP: 5/5
  1654 | D:3      | Got a spiked helmet
  1665 | D:3      | Identified the +1 helmet of Inference {rN+} (You took it off Robin on level 3 of the Dungeon)
  1841 | D:3      | You fall through a shaft!
  1850 | D:4      | Killed from afar by an orc priest

Skill      XL: |  1  2  3  4  5 |
---------------+----------------+-----
Axes           | 3 4 |  4.2
Fighting       | 3 4 |  4.0
Throwing       | |  1.7
Dodging        | |  2.6

Action                   |  1- 3 |  4- 6 || total
-------------------------+-------+-------++-------
Melee: War axe           |   115 |    76 ||   191
       Kick              |       |     8 ||     8
Throw: Throwing net      |       |     1 ||     1
  Use: Potion            |       |     2 ||     2
 Stab: Sleeping          |     1 |       ||     1
       Held in net/web   |       |     1 ||     1
  Eat: Chunk             |       |     3 ||     3
Armor: Leather armour    |    48 |       ||    48
       Ring mail         |    24 |    12 ||    36
       Chain mail        |       |    31 ||    31
Dodge: Dodged            |   103 |    50 ||   153
